 Dungeon Crawl Stone Soup version 0.29.1-15-g9cfb28693d (webtiles) character file.

Game seed: 3882439661108109027

354 Mickster the Chopper (level 6, -6/51 HPs)
             Began as a Demigod Fighter on Mar 8, 2023.
             Mangled by an orc warrior
             ... wielding a +0 trident
              (8 damage)
             ... on level 4 of the Dungeon on Mar 9, 2023.
             The game lasted 00:34:44 (3897 turns).

Mickster the Chopper (Demigod Fighter)              Turns: 3897, Time: 00:34:45

Health: -6/51      AC: 14    Str: 25    XL:     6   Next: 12%
Magic:  8/8        EV:  6    Int: 10    God:
Gold:   128        SH:  5    Dex: 13    Spells: 5/5 levels left

rFire   . . .      SeeInvis .   l - +0 dagger (drain)
rCold   . . .      Faith    .   c - +0 buckler
rNeg    . . .      Spirit   .   g - +0 plate armour
rPois   .          Reflect  .   (no helmet)
rElec   .          Harm     .   (no cloak)
rCorr   .          Rampage  .   d - +2 pair of gloves
Will    .....                   (no boots)
Stlth   ..........              (no amulet)
HPRegen 0.17/turn               (no ring)
MPRegen 0.11/turn               (no ring)

@: no status effects
A: high MP 1, forlorn, divine attributes
a: no special abilities


You were on level 4 of the Dungeon.
You visited 1 branch of the dungeon, and saw 4 of its levels.

You collected 128 gold pieces.

Inventory:

Hand Weapons
 a - a +0 war axe
 h - a +1 short sword of protection
 i - a +0 spear
 l - a +0 dagger of draining (weapon)
Missiles
 f - 35 stones
 j - 2 boomerangs
 m - 9 poisoned darts (quivered)
Armour
 c - a +0 buckler (worn)
 d - a +2 pair of gloves (worn)
 g - a +0 plate armour (worn)
Wands
 b - a wand of polymorph (5)
 p - a wand of flame (8)
Scrolls
 e - 4 scrolls of identify
 o - a scroll of teleportation
Potions
 k - a potion of heal wounds


   Skills:
 + Level 3.2 Fighting
 + Level 2.1 Short Blades
 * Level 4.0 Axes
 + Level 3.7 Armour
 + Level 0.7 Dodging
 + Level 3.3 Shields
 + Level 0.4 Unarmed Combat


You had 5 spell levels left.
You didn't know any spells.
Your spell library contained the following spells:

 Spells                   Type           Power      Damage    Failure   Level
 Magic Dart               Conj           0%         1d3       100%        1
 Call Imp                 Summ           0%         N/A       100%        2
 Mephitic Cloud           Conj/Pois/Air  0%         N/A       100%        3


Dungeon Overview and Level Annotations

Branches:
Dungeon (4/15)
 Temple: D:4-7

Shops:
D:1 (


Innate Abilities, Weirdness & Mutations

You have an increased reservoir of magic. (+10% MP)
You shall have no god before yourself.
Your divine heritage dramatically boosts your attributes as you level up.


Message History

The orc warrior shoots a bolt.
The bolt hits you.
* * * LOW HITPOINT WARNING * * *
Unknown command.
The orc warrior unwields a +0 arbalest.
The orc warrior wields a +0 trident.
The orc warrior hits you with a +0 trident.
* * * LOW HITPOINT WARNING * * *
The orc warrior barely misses you.
Items here: )) [[ ††.
You closely miss the orc warrior. You block the orc's attack.
The orc warrior barely misses you.
You hit the orc warrior but do no damage.
You drain the orc warrior.
The orc warrior is lightly wounded.
You block the orc's attack.
You hit the orc warrior but do no damage.
You drain the orc warrior.
The orc warrior is lightly wounded.
The orc seems less drained.
You block the orc warrior's attack. The orc hits you but does no damage.
You closely miss the orc warrior.
The orc warrior is lightly wounded.
The orc warrior closely misses you. The orc hits you but does no damage.
You completely miss the orc warrior.
The orc warrior is lightly wounded.
The orc warrior barely misses you. The orc hits you but does no damage.
You closely miss the orc warrior.
The orc warrior is lightly wounded.
The orc warrior hits you with a +0 trident.
* * * LOW HITPOINT WARNING * * *
The orc hits you but does no damage.
You hit the orc warrior but do no damage.
You drain the orc warrior.
The orc warrior is moderately wounded.
The orc warrior hits you with a +0 trident.
* * * LOW HITPOINT WARNING * * *
The orc hits you but does no damage.
You hit the orc warrior. You drain the orc warrior.
The orc warrior is moderately wounded.
The orc warrior hits you with a +0 trident!
You die...

#... #... #... +#
.##...##. o.......#####.#
..o............
..o.....####...
#.#####.o......
#.#####@o......
#.....#.#....#.
#####...#......
#...###########
######.........)...######
#.......##########.##....
#...##.####......#.##.###
#.. #....# #.......#.# #
## #....# #.##.####.# #


You could see an orc warrior (very drained) and an orc.

Vanquished Creatures
  Grinder (D:3)
  2 orc wizards
  3 gnolls (D:4)
  An adder (D:2)
  A worm (D:3)
  A dart slug (D:1)
  4 orcs
  6 ball pythons
  10 endoplasms
  A giant cockroach (D:1)
  5 goblins
  5 hobgoblins
  3 jackals (D:1)
  2 quokkas (D:1)
  6 bats
  2 frilled lizards
  5 kobolds
  9 rats
67 creatures vanquished.

Vanquished Creatures (others)
  A fungus (D:1)
1 creature vanquished.

Grand Total: 68 creatures vanquished

Notes
Turn   | Place    | Note
-------+----------+-------------------------------------------
     0 | D:1      | Mickster the Demigod Fighter began the quest for the Orb.
     0 | D:1      | Reached XP level 1. HP: 18/18 MP: 3/3
   543 | D:1      | Found Soodeps's Antique Weapon Shop.
   563 | D:1      | Reached skill level 2 in Axes
   569 | D:1      | Reached XP level 2. HP: 20/25 MP: 4/4
  1352 | D:1      | Reached XP level 3. HP: 19/30 MP: 5/5
  1979 | D:3      | Reached skill level 3 in Axes
  2232 | D:3      | Reached XP level 4. HP: 13/38 MP: 6/6
  2913 | D:3      | Gained mutation: Armour fits poorly on your strangely
                  | shaped body. [potion of mutation]
  2913 | D:3      | Lost mutation: Armour fits poorly on your strangely shaped
                  | body. [potion of mutation]
  2994 | D:3      | Noticed Grinder
  2995 | D:3      | Paralysed by Grinder for 5 turns
  3035 | D:3      | Paralysed by Grinder for 5 turns
  3049 | D:3      | Killed Grinder
  3050 | D:3      | Reached skill level 1 in Short Blades
  3050 | D:3      | Reached XP level 5. HP: 9/45 MP: 7/7
  3743 | D:4      | Reached XP level 6. HP: 40/51 MP: 8/8
  3881 | D:4      | Reached skill level 4 in Axes
  3896 | D:4      | HP: 2/51 [orc warrior/+0 trident (3)]
  3897 | D:4      | Mangled by an orc warrior

Illustrated notes

Levels and vault maps discovered:
D:1:      heliophobic_arrival_glass_houses, layout_basic,
          shapermc_ecumenical_altar_ellora, serial_shops, shop_statue
D:2:      cheibrodos_old_hovel, layout_rooms, basic_altar
D:3:      layout_basic, uniq_grinder
D:4:      layout_basic, minmay_temple_entry_mist

Skill      XL: |  1  2  3  4  5  6 |
---------------+-------------------+-----
Axes           | 2 3 4 |  4.0
Armour         | 3 |  3.7
Shields        | 3 |  3.3
Fighting       | 3 |  3.2
Short Blades   | 1 2 |  2.1
Dodging        | |  0.7
Unarmed Combat | |  0.4

Action                   |  1- 3 |  4- 6 || total
-------------------------+-------+-------++-------
Melee: War axe           |   108 |       ||   108
       Short sword       |    57 |    46 ||   103
       Unarmed           |       |    10 ||    10
       Dagger            |       |    42 ||    42
  Use: Potion            |     3 |     5 ||     8
       Scroll            |     2 |     1 ||     3
Armor: Plate armour      |   123 |    58 ||   181
       Scale mail        |     5 |       ||     5
Dodge: Dodged            |    37 |    31 ||    68
Block: Buckler           |    40 |    17 ||    57
